 Dungeon Crawl Stone Soup version 0.28.0-53-g5a82cb258f (webtiles) character file.

Game seed: 7015564880907129812

1751 Peloso the Carver (level 8, 0/70 HPs)
             Began as a Minotaur Fighter on Aug 7, 2022.
             Slain by an orc warrior
             ... wielding a +0 short sword
              (12 damage)
             ... on level 6 of the Dungeon.
             The game lasted 00:10:11 (6894 turns).

Peloso the Carver (Minotaur Fighter)                Turns: 6894, Time: 00:10:12

Health: 0/70       AC: 12    Str: 21    XL:     8   Next: 78%
Magic:  7/7        EV:  9    Int:  7    God:
Gold:   239        SH:  9    Dex: 12    Spells: 7/7 levels left

rFire   . . .      SeeInvis .   a - +0 long sword
rCold   . . .      Faith    .   c - +0 kite shield
rNeg    . . .      Spirit   .   b - +4 scale mail
rPois   +          Reflect  .   (helmet restricted)
rElec   .          Harm     .   (no cloak)
rCorr   .          Rampage  .   (no gloves)
Will    .....      Clarity  +   (no boots)
Stlth   ..........              (no amulet)
HPRegen 0.21/turn               x - ring of poison resistance
MPRegen 0.10/turn               (no ring)

@: no status effects
A: horns 2, retaliatory headbutt, clarity, clever 1
a: no special abilities


You were on level 6 of the Dungeon.
You visited 1 branch of the dungeon, and saw 6 of its levels.

You collected 239 gold pieces.

Inventory:

Hand Weapons
 a - a +0 long sword (weapon)
Armour
 b - a +4 scale mail (worn)
 c - a +0 kite shield (worn)
 i - a +0 plate armour
Jewellery
 x - a ring of poison resistance (left hand)
 y - a ring of flight
Wands
 e - a wand of polymorph (10)
 r - a wand of iceblast (4)
Scrolls
 j - a scroll of noise {unknown}
 l - a scroll of brand weapon {unknown}
 m - a scroll of teleportation {unknown}
 n - 5 scrolls of identify {unknown}
 p - a scroll of fear {unknown}
 q - a scroll of immolation {unknown}
 s - 2 scrolls of magic mapping {unknown}
 t - a scroll of vulnerability {unknown}
 u - a scroll of amnesia
 v - a scroll of enchant weapon {unknown}
Potions
 d - a potion of might
 f - a potion of berserk rage {unknown}
 g - a potion of invisibility {unknown}
 h - a potion of brilliance {unknown}
 k - 4 potions of ambrosia {unknown}
 o - a potion of heal wounds {unknown}
 w - 2 potions of haste {unknown}
 z - a potion of curing {unknown}


   Skills:
 + Level 6.1 Fighting
 + Level 8.6 Long Blades
 + Level 8.2 Armour
 + Level 2.8 Dodging
 + Level 0.3 Stealth
 + Level 6.0 Shields
 + Level 0.1 Evocations


You had 7 spell levels left.
You didn't know any spells.
Your spell library contained the following spells:

 Spells                   Type           Power      Damage    Failure   Level
 Shock                    Conj/Air       0%         1d3       97%         1
 Corpse Rot               Necr/Air       0%         N/A       99%         2
 Poisonous Vapours        Pois/Air       0%         N/A       99%         2
 Swiftness                Air            0%         N/A       100%        3
 Airstrike                Air            0%         N/A       100%        4


Dungeon Overview and Level Annotations

Branches:
Dungeon (6/15)
 Temple: D:4-7

Altars:
Kikubaaqudgha

Shops:
D:3 =(!(


Innate Abilities, Weirdness & Mutations

You have a pair of horns on your head.
You reflexively headbutt those who attack you in melee.
You possess an exceptional clarity of mind.
Your mind is acute. (Int +2)


Message History

You block the orc warrior's attack. Duvessa hits you but does no damage.
Unknown command.
You hit Duvessa.
Duvessa is almost dead.
You block the orc's attack. The orc hits you but does no damage.
You block Duvessa's attack. The orc warrior barely misses you.
Unknown command.
You hit Duvessa.
Duvessa is almost dead.
Duvessa hits you with a +0 rapier. You block the orc's attack.
The orc hits you but does no damage. You block the orc warrior's attack.
Duvessa hits you with a +0 rapier.
Unknown command.
You closely miss Duvessa.
Duvessa is almost dead.
You block the orc's attack. The orc hits you with a +0 dagger.
Duvessa hits you with a +0 rapier.
The orc warrior hits you with a +0 short sword.
You block the gnoll's attack. You block the orc's attack.
Unknown command.
You closely miss Duvessa. Your headbutt misses Duvessa.
Duvessa is almost dead.
Duvessa hits you with a +0 rapier.
* * * LOW HITPOINT WARNING * * *
A gnoll comes into view. It is wielding a +0 spear.
You block the orc warrior's attack.
The gnoll hits you from afar with a +0 spear.
* * * LOW HITPOINT WARNING * * *
You block Duvessa's attack. The orc hits you but does no damage.
The gnoll shouts!
You slash Duvessa!
You kill Duvessa!
You hear an angry growl.
The orc warrior hits you with a +0 short sword.
* * * LOW HITPOINT WARNING * * *
The gnoll hits you but does no damage. The phantom barely misses you.
You block the orc's attack.
Your Shields skill increases to level 6!
The orc warrior hits you with a +0 short sword!
You die...

......##(......###.##.....##.
#.......##......##)#.......#[
.................'.#.......'.
#####..##........#.#.......#.
#...........##.##.....##.
#........####...##...##..
#.#...#....#.....#####...
#.....##...#..#.........#
.#..# #@#.#.....#####...
..#.####o####...## ##..
......ggW# ##### ###
......go## ......go#
........# .....)..# .........
.......>.


You could see an orc warrior, a phantom, 3 gnolls and 2 orcs.

Vanquished Creatures
  Menkaure (D:6)
  Duvessa (D:6)
  A necrophage (D:6)
  2 ogres
  5 centaurs
  A phantom (D:6)
  A bullfrog (D:6)
  A gnoll sergeant (D:6)
  A water moccasin skeleton (D:6)
  Dowan (D:6)
  A bullfrog zombie (D:6)
  A hound (D:5)
  A bullfrog skeleton (D:6)
  A centaur zombie (D:5)
  3 orc priests
  An iguana (D:6)
  4 orc wizards
  A hound skeleton (D:4)
  7 gnolls
  6 adders
  A shadow imp (D:6)
  2 ufetubi (D:5)
  2 adder skeletons
  An adder zombie (D:5)
  2 worms
  22 orcs
  3 ball pythons (D:1)
  4 bats
  4 endoplasms
  3 giant cockroaches (D:3)
  8 goblins
  7 hobgoblins
  4 jackals (D:2)
  4 kobolds
  A quokka (D:4)
  A frilled lizard (D:1)
  6 rats
116 creatures vanquished.

Vanquished Creatures (others)
  An orc (D:4)
1 creature vanquished.

Grand Total: 117 creatures vanquished

Notes
Turn   | Place    | Note
-------+----------+-------------------------------------------
     0 | D:1      | Peloso the Minotaur Fighter began the quest for the Orb.
     0 | D:1      | Reached XP level 1. HP: 19/19 MP: 0/0
   281 | D:1      | Reached XP level 2. HP: 27/27 MP: 1/1
  1146 | D:2      | Reached XP level 3. HP: 28/33 MP: 2/2
  1859 | D:2      | Found an ancient bone altar of Kikubaaqudgha.
  2092 | D:3      | Found Omublue's Weapon Emporium.
  2144 | D:3      | Reached XP level 4. HP: 19/40 MP: 3/3
  3001 | D:2      | Reached XP level 5. HP: 26/47 MP: 4/4
  3254 | D:3      | Reached skill level 5 in Armour
  3281 | D:2      | Gained mutation: You have a pair of large horns on your
                  | head. [potion of mutation]
  3281 | D:2      | Gained mutation: You have an increased reservoir of magic.
                  | (+10% MP) [potion of mutation]
  3282 | D:2      | Lost mutation: You have a pair of large horns on your head.
                  | [potion of mutation]
  3282 | D:2      | Lost mutation: You have an increased reservoir of magic.
                  | (+10% MP) [potion of mutation]
  3282 | D:2      | Gained mutation: Your mind is acute. (Int +2) [potion of
                  | mutation]
  3282 | D:2      | Gained mutation: You possess an exceptional clarity of
                  | mind. [potion of mutation]
  3646 | D:3      | Found Bucuac's Antique Weapon Shoppe.
  3787 | D:3      | Found Yskuoj's Jewellery Shop.
  3904 | D:3      | Found Miah's Distillery.
  4076 | D:4      | Noticed a centaur
  4087 | D:4      | Killed a centaur
  4088 | D:4      | Reached skill level 5 in Long Blades
  4088 | D:4      | Reached XP level 6. HP: 31/53 MP: 5/5
  5040 | D:4      | Reached skill level 5 in Shields
  5285 | D:5      | Entered Level 5 of the Dungeon
  5350 | D:5      | Reached skill level 5 in Fighting
  5380 | D:4      | Reached XP level 7. HP: 38/61 MP: 6/6
  5994 | D:6      | Noticed Duvessa
  5994 | D:6      | Noticed Dowan
  6284 | D:6      | Reached skill level 1 in Dodging
  6303 | D:6      | Reached XP level 8. HP: 66/69 MP: 7/7
  6641 | D:6      | Noticed Menkaure
  6647 | D:6      | Killed Menkaure
  6878 | D:6      | Killed Dowan
  6892 | D:6      | Killed Duvessa
  6894 | D:6      | Slain by an orc warrior

Illustrated notes

Levels and vault maps discovered:
D:1:      noname_arrival_rooms_in_the_neighbourhood, layout_loops_ring
D:2:      layout_basic, basic_altar, hex_intersection
D:3:      layout_rooms, serial_shops, shop, shop, shop_fountains,
          nicolae_shop_waterfront
D:4:      layout_basic
D:5:      layout_cave_pools
D:6:      minmay_octagon_keep, layout_rooms, minmay_hollow_rounded_squares,
          uniq_duvessa, uniq_menkaure

Skill      XL: |  1  2  3  4  5  6  7  8 |
---------------+-------------------------+-----
Shields        | 4 5 6 |  6.0
Armour         | 4 5 6 7 8 |  8.2
Long Blades    | 3 4 5 7 8 |  8.6
Fighting       | 4 5 6 |  6.1
Dodging        | 1 2 |  2.8
Stealth        | |  0.3
Evocations     | |  0.1

Action                   |  1- 3 |  4- 6 |  7- 9 || total
-------------------------+-------+-------+-------++-------
Melee: Long sword        |   100 |   139 |   132 ||   371
       Headbutt          |     7 |    24 |    28 ||    59
Evoke: Wand              |       |       |     5 ||     5
  Use: Scroll            |     1 |       |       ||     1
       Potion            |       |     2 |       ||     2
Armor: Scale mail        |     9 |       |    68 ||    77
       Plate armour      |    60 |   104 |    32 ||   196
Dodge: Dodged            |    36 |    52 |    70 ||   158
Block: Buckler           |    19 |    33 |    44 ||    96
       Kite shield       |       |       |    15 ||    15
